 Dungeon Crawl Stone Soup version 0.29-a0-383-g8b6f518c11 (webtiles) character file.

Game seed: 16291947027708453395

1411 Artemis2 the Chiller (level 8, -2/44 (54) HPs)
             Began as a Merfolk Ice Elementalist on May 6, 2022.
             Was a Believer of Qazlal.
             Slain by a wight
             ... wielding a +0 mace
              (3 damage)
             ... on level 7 of the Dungeon.
             The game lasted 01:00:14 (8900 turns).

Artemis2 the Chiller (Merfolk Ice Elementalist)     Turns: 8900, Time: 01:00:15

HP:   -2/44 (54)    AC:  4    Str:  8    XL:     8   Next: 70%
MP:   25/25         EV: 13    Int: 17    God:    Qazlal [**....]
Gold: 461           SH:  3    Dex: 14    Spells: 5/18 levels left

rFire   . . .      SeeInvis .   r - +2 dagger (venom)
rCold   . . .      Faith    .   (no shield)
rNeg    . . .      Spirit   .   H - +2 robe {Will+}
rPois   .          Reflect  .   (no helmet)
rElec   .          Harm     .   (no cloak)
rCorr   .          Rampage  .   (no gloves)
Will    +....                   (no boots)
Stlth   ++........              t - amulet of the acrobat
HPRegen 0.14/turn               A - ring of magical power
MPRegen 0.19/turn               (no ring)

@: heavily drained
A: (nimble swimmer 2), mertail
a: Renounce Religion, Upheaval


You were on level 7 of the Dungeon.
You worshipped Qazlal.
Qazlal was pleased with you.
You visited 1 branch of the dungeon, and saw 7 of its levels.
You also visited: Sewer.

You collected 461 gold pieces.

Inventory:

Hand Weapons
 c - a +0 vorpal dagger
 m - a +0 dagger of venom
 r - a +2 dagger of venom (weapon)
Missiles
 d - 156 stones (quivered)
 B - 11 poisoned darts
Armour
 a - a +0 robe
 D - a +1 ring mail of fire resistance
 H - a +2 robe of willpower (worn)
Magical Staves
 k - a staff of death
 o - a staff of cold
Jewellery
 t - an amulet of the acrobat (around neck)
 A - a ring of magical power (left hand)
Scrolls
 e - 2 scrolls of teleportation
 i - 4 scrolls of poison
 n - a scroll of fear
 p - a scroll of brand weapon
 E - a scroll of vulnerability
Potions
 b - 2 potions of magic
 f - a potion of curing {unknown}
 g - 4 potions of brilliance
 h - 2 potions of resistance {unknown}
 j - 3 potions of attraction
 l - a potion of invisibility {unknown}
 q - a potion of heal wounds
 v - 3 potions of mutation {unknown}
 w - a potion of lignification {unknown}
 x - a potion of might
 z - a potion of ambrosia {unknown}
 C - 6 potions of haste
 F - a potion of degeneration {unknown}
 G - a potion of flight {unknown}


   Skills:
 - Level 1.5 Fighting
 + Level 2.3 Short Blades
 + Level 0.4 Staves
 + Level 4.6 Dodging
 - Level 4.0 Stealth
 + Level 0.1 Shields
 + Level 5.5 Spellcasting
 * Level 2.0 Conjurations
 + Level 7.2 Ice Magic
 + Level 2.1 Air Magic
 + Level 1.9 Poison Magic
 + Level 0.2 Evocations


You had 5 spell levels left.
You knew the following spells:

 Your Spells              Type           Power      Damage    Failure   Level
a - Freeze                Ice            100%       1d11      1%          1
b - Frozen Ramparts       Ice            58%        1d7       1%          3
c - Poisonous Vapours     Pois/Air       22%        N/A       9%          2
d - Ozocubu's Armour      Ice            29%        N/A       1%          3
e - Hailstorm             Conj/Ice       20%        3d6       21%         4

Your spell library contained the following spells:

 Spells                   Type           Power      Damage    Failure   Level
 Corpse Rot               Necr/Air       16%        N/A       13%         2
 Slow                     Hex            16%        N/A       14%         1
 Sublimation of Blood     Necr           4%         N/A       21%         2
 Wereblood                Tmut           4%         N/A       21%         2
 Stone Arrow              Conj/Erth      16%        3d8       26%         3
 Confusing Touch          Hex            4%         N/A       38%         3
 Vampiric Draining        Necr           4%         2d6       38%         3
 Animate Armour           Summ/Erth      8%         N/A       80%         4
 Petrify                  Tmut/Erth      4%         N/A       80%         4
 Iskenderun's Battlesphe  Conj           11%        2d7       85%         5
 Conjure Ball Lightning   Conj/Air       5%         3x3d6     100%        6
 Summon Hydra             Summ           2%         N/A       100%        7
 Lehudib's Crystal Spear  Conj/Erth      4%         10d3      100%        8


Dungeon Overview and Level Annotations

Branches:
Dungeon (7/15)              Sewer (visited)
 Temple: D:4-7

Altars:
Elyvilon
Qazlal
Vehumet
Yredelemnul

Annotations:
D:5 1 runed translucent door


Innate Abilities, Weirdness & Mutations

((You are very nimble when in or above water. (Stealth+, EV+, Speed+++)))
Your lower body shifts to a powerful aquatic tail in water.


Message History

You hit the wight.
The wight is moderately damaged.
The wight hits you with a +0 mace.
You feel drained.
You hit the wight.
The wight is moderately damaged.
The wight hits you with a +0 mace!
You barely miss the wight.
The wight is moderately damaged.
The wight hits you with a +0 mace.
You feel drained.
You hit the wight but do no damage.
The wight is moderately damaged.
The wight hits you with a +0 mace.
You hit the wight but do no damage.
The wight is moderately damaged.
You hit the wight but do no damage.
The wight is moderately damaged.
The wight closely misses you.
You hit the wight but do no damage.
The wight is moderately damaged.
You block the wight's attack.
You barely miss the wight.
The wight is moderately damaged.
The wight hits you with a +0 mace!
You feel drained.
You barely miss the wight.
The wight is moderately damaged.
The wight barely misses you.
You closely miss the wight.
The wight is moderately damaged.
The wight hits you with a +0 mace.
You hit the wight but do no damage.
The wight is moderately damaged.
The wight hits you with a +0 mace!
* * * LOW HITPOINT WARNING * * *
You feel drained.
You hit the wight but do no damage.
The wight is moderately damaged.
The wight hits you with a +0 mace!
* * * LOW HITPOINT WARNING * * *
You feel drained.
You die...

#.###.#.#
#.......#
#####.### #.#
#.# #.########
#......... ##
#z.#######...##
#..#.zz@......#
#..#.###.#...##
#......#.# ##
##.#^#.#[#
#.#.#.... #.#.#
#.# #.... ...
##### ####


You could see 2 wights.

Vanquished Creatures
  An ogre (D:4)
  A phantom (D:6)
  A kobold brigand (Sewer)
  Blork the orc (D:6)
  4 necrophages
  2 scorpions
  6 hounds
  A gnoll shaman (D:6)
  A jelly (D:6)
  Natasha (thrice) (D:2)
  A human skeleton (D:5)
  2 iguanas
  2 orc wizards (D:5)
  7 adders
  7 gnolls
  5 river rats (Sewer)
  5 worms
  2 dart slugs
  18 orcs
  5 endoplasms
  2 giant cockroaches (D:1)
  11 goblins
  4 hobgoblins
  6 jackals
  8 quokkas
  14 ball pythons
  3 bats
  2 frilled lizards
  14 kobolds
  24 rats
163 creatures vanquished.

Vanquished Creatures (others)
  5 fungi (D:1)
  10 plants (D:1)
15 creatures vanquished.

Grand Total: 178 creatures vanquished

Notes
Turn   | Place    | Note
-------+----------+-------------------------------------------
     0 | D:1      | Artemis2 the Merfolk Ice Elementalist began the quest for
                  | the Orb.
     0 | D:1      | Reached XP level 1. HP: 13/13 MP: 3/3
   106 | D:1      | Reached XP level 2. HP: 16/19 MP: 3/5
   172 | D:1      | You fall into a shaft and drop 1 floor!
   500 | D:2      | Reached XP level 3. HP: 22/24 MP: 1/6
   509 | D:2      | Learned a level 3 spell: Frozen Ramparts
  1042 | D:1      | Found a faded altar of an unknown god.
  1382 | D:1      | Reached XP level 4. HP: 31/31 MP: 0/7
  1955 | D:2      | Reached skill level 1 in Short Blades
  2086 | D:2      | Noticed Natasha
  2093 | D:2      | Killed Natasha
  2102 | D:2      | Reached skill level 5 in Ice Magic
  2249 | D:2      | Noticed Natasha
  2257 | D:2      | Killed Natasha
  2258 | D:2      | Reached XP level 5. HP: 27/36 MP: 3/9
  2310 | D:2      | Noticed Natasha
  2316 | D:2      | Killed Natasha
  2317 | D:2      | Reached skill level 1 in Fighting
  2618 | D:3      | Learned a level 2 spell: Poisonous Vapours
  3737 | D:4      | Reached skill level 1 in Poison Magic
  3892 | D:4      | Reached XP level 6. HP: 40/43 MP: 6/10
  4081 | D:4      | Identified a scroll of acquirement
  4081 | D:4      | Acquired a staff of cold
  4328 | D:4      | Got the Catalogue of Lethal Moulding
  4881 | D:4      | Found a radiant altar of Vehumet.
  4885 | D:4      | Found a stormy altar of Qazlal.
  4909 | D:4      | Found a white marble altar of Elyvilon.
  4936 | D:4      | Became a worshipper of Qazlal Stormbringer
  5039 | D:5      | Entered Level 5 of the Dungeon
  5063 | D:5      | Reached XP level 7. HP: 48/48 MP: 6/12
  5144 | D:5      | Reached skill level 6 in Ice Magic
  5341 | D:5      | Found a glowing drain.
  5367 | Sewer    | Entered a sewer
  5507 | Sewer    | Reached skill level 1 in Air Magic
  5668 | Sewer    | Reached * piety under Qazlal
  5956 | Sewer    | Reached ** piety under Qazlal
  6497 | D:5      | Found a runed translucent door.
  6497 | D:5      | Noticed a human
  6529 | D:5      | Reached XP level 8. HP: 44/54 MP: 6/14
  6579 | D:5      | Found a basalt altar of Yredelemnul.
  6952 | D:5      | Learned a level 3 spell: Ozocubu's Armour
  6957 | D:5      | Learned a level 4 spell: Hailstorm
  7038 | D:6      | Noticed Blork the orc
  7134 | D:6      | Noticed a wraith
  7262 | D:6      | Killed Blork the orc
  7587 | D:6      | Reached skill level 5 in Spellcasting
  7587 | D:6      | Reached skill level 7 in Ice Magic
  7838 | D:6      | Reached skill level 1 in Conjurations
  8900 | D:7      | HP: 1/46 [wight/+0 mace (7)]
  8900 | D:7      | Slain by a wight

Illustrated notes

Levels and vault maps discovered:
D:1:      lemuel_arrival_rhombus, layout_basic,
          shapermc_ecumenical_altar_mp_urbaneastern, minmay_pentomino_t4
D:2:      layout_loops_cross, uniq_natasha
D:3:      layout_rooms
D:4:      layout_rooms, minmay_overflow_temple_star_quad
D:5:      layout_loops_ring, dk_yredelemnul_ordeal, cheibrodos_sewer_entry_bend
D:6:      minmay_opposing_rooms, layout_loops_cross, kennysheep_small_square,
          uniq_blork_the_orc
D:7:      layout_loops_corners, kennysheep_mini_moat, temple_doors_e,
          grunt_decor_one_mirror, minmay_fountain_box

Skill      XL: |  1  2  3  4  5  6  7  8 |
---------------+-------------------------+-----
Dodging        | 3 4 |  4.6
Stealth        | 3 4 |  4.0
Short Blades   | 1 2 |  2.3
Ice Magic      | 5 6 7 |  7.2
Fighting       | 1 |  1.5
Spellcasting   | 3 4 5 |  5.5
Poison Magic   | 1 |  1.9
Air Magic      | 1 2 |  2.1
Conjurations   | 2 |  2.0
Staves         | |  0.4
Shields        | |  0.1
Evocations     | |  0.2

Action                   |  1- 3 |  4- 6 |  7- 9 || total
-------------------------+-------+-------+-------++-------
Melee: Dagger            |    65 |    72 |   103 ||   240
       Punch             |     1 |       |     1 ||     2
       Staff             |       |    14 |       ||    14
Throw: Javelin           |       |       |    11 ||    11
       Stone             |       |       |     1 ||     1
 Cast: Freeze            |    11 |    40 |    69 ||   120
       Frozen Ramparts   |     4 |     9 |    30 ||    43
       Poisonous Vapours |       |    26 |    18 ||    44
       Ozocubu's Armour  |       |       |     2 ||     2
Invok: Upheaval          |       |       |     1 ||     1
Evoke: Wand              |       |       |    15 ||    15
  Use: Scroll            |       |    11 |     4 ||    15
       Potion            |       |       |     4 ||     4
 Stab: Sleeping          |     9 |     7 |     1 ||    17
Armor: Robe              |     5 |    14 |    25 ||    44
Dodge: Dodged            |    18 |    97 |   124 ||   239
Block: Other             |       |       |    19 ||    19

Table legend: (Time is in decaauts)
 A = Elapsed time spent in this place.
 B = Non-inter-level travel time spent in this place.
 C = Inter-level travel time spent in this place.
 D = Time resting spent in this place.
 E = Time spent auto-exploring this place.
 F = Levels seen in this place.
 G = Mean time per level.
                   A        B        C        D        E       F      G
               +--------+--------+--------+--------+--------+-----+--------+
         Total |   8734 |   8640 |     94 |   2935 |   1247 |   8 | 1091.8 |
       Dungeon |   7965 |   7871 |     94 |   2720 |   1247 |   7 | 1137.9 |
         Sewer |    769 |    769 |      0 |    215 |      0 |   1 |  769.0 |
               +--------+--------+--------+--------+--------+-----+--------+

Top non-repeatable levels by time:
     D:5: 1502 daAuts
     D:1: 1480 daAuts
     D:3: 1317 daAuts
     D:6: 1191 daAuts
     D:4: 1102 daAuts
     D:2: 1096 daAuts
   Sewer: 769 daAuts
     D:7: 273 daAuts
